 Dungeon Crawl Stone Soup version 0.27.1-1-g398f81649c (webtiles) character file.

Game seed: 7811085549736645425

77 jondo1214 the Chopper (level 4, -1/40 HPs)
             Began as a Hill Orc Fighter on Sept 14, 2021.
             Shot with an arrow by a centaur (3 damage)
             ... on level 5 of the Dungeon.
             The game lasted 00:04:51 (2409 turns).

jondo1214 the Chopper (Hill Orc Fighter)            Turns: 2409, Time: 00:04:52

Health: -1/40      AC:  6    Str: 19    XL:     4   Next: 33%
Magic:  4/4        EV:  7    Int:  8    God:
Gold:   115        SH:  9    Dex: 10    Spells: 3/3 levels left

rFire    . . .     SeeInvis .   a - +0 war axe
rCold    . . .     Faith    .   c - +0 kite shield
rNeg     . . .     Spirit   .   b - +0 scale mail
rPois    .         Reflect  .   (no helmet)
rElec    .         Harm     .   (no cloak)
rCorr    .         Rampage  .   (no gloves)
Will     .....                  (no boots)
Stlth    ..........             (no amulet)
HPRegen  0.13/turn              (no ring)
MPRegen  0.09/turn              (no ring)

@: no status effects
A: no striking features
a: no special abilities


You were on level 5 of the Dungeon.
You visited 1 branch of the dungeon, and saw 4 of its levels.

You collected 115 gold pieces.

Inventory:

Hand Weapons
 a - a +0 war axe (weapon)
Missiles
 k - 12 poisoned darts (quivered)
Armour
 b - a +0 scale mail (worn)
 c - a +0 kite shield (worn)
Magical Staves
 e - a staff of earth
Scrolls
 f - a scroll of fear
 h - a scroll of identify
 i - a scroll of immolation {unknown}
 j - a scroll of amnesia {unknown}
Potions
 d - 2 potions of might
 g - 2 potions of heal wounds


   Skills:
 * Level 4.0 Fighting
 * Level 4.5 Axes
 * Level 3.6 Armour
 * Level 4.0 Shields


You had 3 spell levels left.
You didn't know any spells.
Your spell library was empty.

Dungeon Overview and Level Annotations

Branches:
Dungeon (3/15)

Altars:
Ashenzari

Shops:
D:3 :


Message History

Things that are here:
a +0 dagger; a goblin corpse HP restored.
Found a broken altar of Ashenzari.
Found a scroll labelled BIXURCHU NILAW.
Found 12 poisoned darts.
j - a scroll labelled BIXURCHU NILAW You see here 12 poisoned darts.
k - 12 poisoned darts
Found a leather armour.
You open the door. As you open the door, it creaks loudly!
There is an open door here.
Found 3 gold pieces.
You now have 115 gold pieces (gained 3).
You open the door.
There is a stone staircase leading up here.
You see here a hobgoblin skeleton.
Found a stone staircase leading down.
Found 19 arrows.
You fall into a shaft and drop 2 floors!
The shaft crumbles and collapses.
A gnoll comes into view. It is wielding a +0 halberd.
The gnoll shouts!
You hear a shout!
A centaur comes into view.
Found 6 gold pieces and 9 stones.
The centaur shouts!
The centaur wields a +0 shortbow.
The centaur shoots an arrow.
The arrow hits you!
Found 16 gold pieces.
The centaur shoots an arrow.
You block the arrow.
The centaur shoots an arrow.
You block the arrow.
Found a brown potion and 8 gold pieces.
The centaur shoots an arrow.
The arrow barely misses you.
The centaur shoots an arrow.
The arrow hits you.
The centaur shoots an arrow.
The arrow hits you!
The centaur shoots an arrow.
The arrow barely misses you.
The centaur shoots an arrow.
The arrow hits you!
* * * LOW HITPOINT WARNING * * *
The centaur shoots an arrow.
The arrow hits you.
You die...

... .8 . ## .# ..#..
##.###########
.....###...... ......
.....$.......##.#... #
.........##........ ..
.......@..#......##...
...!.....##.##........
.............#........
................#
.....$................
......................
....#c.......g.##...##
...##(.........# .....
..........#..... ....


You could see a centaur and a gnoll.

Vanquished Creatures
  2 adders (D:2)
  A worm (D:3)
  2 dart slugs
  An orc (D:3)
  5 ball pythons (D:1)
  6 bats
  5 endoplasms (D:1)
  A giant cockroach (D:3)
  5 goblins
  2 hobgoblins
  3 jackals (D:2)
  5 kobolds (D:1)
  5 quokkas (D:1)
  2 frilled lizards (D:1)
  A rat (D:2)
46 creatures vanquished.

Notes
Turn   | Place    | Note
-------+----------+-------------------------------------------
     0 | D:1      | jondo1214 the Hill Orc Fighter began the quest for the Orb.
     0 | D:1      | Reached XP level 1. HP: 19/19 MP: 1/1
   104 | D:1      | Reached XP level 2. HP: 23/27 MP: 2/2
   267 | D:1      | Found a faded altar of an unknown god.
   536 | D:1      | Reached XP level 3. HP: 21/33 MP: 3/3
  1900 | D:2      | Reached XP level 4. HP: 38/40 MP: 4/4
  2072 | D:3      | Found Leomogosm's Book Shop.
  2195 | D:3      | Found a broken altar of Ashenzari.
  2402 | D:3      | You fall into a shaft and drop 2 floors!
  2402 | D:5      | Entered Level 5 of the Dungeon
  2404 | D:5      | Noticed a centaur
  2409 | D:5      | HP: 2/40 [centaur/arrow (13)]
  2409 | D:5      | Shot with an arrow by a centaur

Illustrated notes

Levels and vault maps discovered:
D:1:      mrwooster_arrival_statue, layout_loops_cross,
          hellmonk_ecumenical_altar_inner_sanctum, patterned_corridor
D:2:      layout_basic, fountainhead
D:3:      layout_basic, ashenzari_conservatory_becter, serial_shops, shop
D:5:      layout_cave_pools, minitemple, tgw_trog, kennysheep_dice

Skill      XL: |  1  2  3  4 |
---------------+-------------+-----
Axes           | 3 4 |  4.5
Fighting       | 4 |  4.0
Shields        | 4 |  4.0
Armour         | |  3.6

Action                   |  1- 3 |  4- 6 || total
-------------------------+-------+-------++-------
Melee: War axe           |   124 |    13 ||   137
  Use: Scroll            |     2 |       ||     2
Armor: Scale mail        |    70 |     3 ||    73
Dodge: Dodged            |    48 |     5 ||    53
Block: Kite shield       |    63 |     7 ||    70
